 Dungeon Crawl Stone Soup version 0.30-a0-937-ga0a21ad780 (webtiles) character file.

Game seed: 16207470412782996312

74 FexLirch the Digger (level 4, -1/33 HPs)
             Began as a Meteoran Earth Elementalist on Mar 24, 2023.
             Slain by Terence
             ... wielding a +0 falchion
              (5 damage)
             ... on level 2 of the Dungeon.
             The game lasted 00:03:25 (363 turns).

FexLirch the Digger (Meteoran Earth Elementalist)    Turns: 363, Time: 00:03:26

Health: -1/33      AC:  2    Str: 10    XL:     4   Next: 82%
Magic:  1/10       EV: 12    Int: 18    God:
Gold:   24         SH:  0    Dex: 14    Spells: 7/10 levels left

rFire   . . .      SeeInvis .    d - +1 whip (vamp)
rCold   . . .      Faith    .    (no shield)
rNeg    . . .      Spirit   .    a - +0 robe
rPois   .          Reflect  .    (no helmet)
rElec   .          Rampage  .    (no cloak)
rCorr   .                        (no gloves)
Will    .....                    (no boots)
Stlth   +                        (no amulet)
HPRegen 0.25/turn                (no ring)
MPRegen 0.12/turn                (no ring)

@: glowing
A: sense surroundings 1, otherworldly, glowing, explore regen
a: no special abilities


You were on level 2 of the Dungeon.
You visited 1 branch of the dungeon, and saw 4 of its levels.

You collected 24 gold pieces.

Inventory:

Hand Weapons
 d - a +1 vampiric whip (weapon)
Missiles
 g - 2 stones
Armour
 a - a +0 robe (worn)
Scrolls
 e - a scroll of poison {unknown}
Potions
 b - a potion of magic
 c - 4 potions of curing {unknown}
 f - a potion of lignification {unknown}
 h - a potion of heal wounds {unknown}
 i - 2 potions of brilliance {unknown}


   Skills:
 - Level 2.4 Dodging
 - Level 1.4 Stealth
 + Level 3.8 Spellcasting
 + Level 2.4 Conjurations
 - Level 1.2 Transmutations
 + Level 4.5 Earth Magic


You had 7 spell levels left.
You knew the following spells:

 Your Spells              Type           Power      Damage    Failure   Level
a - Sandblast             Erth           38%        2d10      2%          1
b - Passwall              Tmut/Erth      10%        N/A       7%          2

Your spell library contained the following spells:

 Spells                   Type           Power      Damage    Failure   Level
 Foxfire                  Conj/Fire      28%        2x1d5     9%          1
 Stone Arrow              Conj/Erth      32%        3d9       11%         3
 Petrify                  Tmut/Erth      13%        N/A       41%         4
 Fireball                 Conj/Fire      3%         3d4       94%         5
 Starburst                Conj/Fire      3%         6d3       100%        6


Dungeon Overview and Level Annotations

Branches:
Dungeon (4/15) Zot: 2012
 Temple: D:4-7

Altars:
Ashenzari

Annotations:
D:2 Terence


Innate Abilities, Weirdness & Mutations

You passively map a small area around you.
You are easily found by Zot.
You glow in the dark.
You regain HP and MP as you explore.


Message History

The blast of sand hits Terence.
Terence is severely wounded.
Terence says, "Time to say good-bye..."
Terence closely misses you. Terence screams, "I want your blood!"
Terence hits you with a +0 falchion.
Casting: Sandblast (safe; 2% risk of failure)
Confirm with . or Enter, or press ? or * to list all spells.
Aiming: Sandblast (safe; 2% risk of failure)
Press: ? - help, Shift-Dir - straight line, f/p - Terence
Aim: Terence, wielding a +0 falchion and wearing a +0 chain mail (severely wounded, 87% to hit)
The blast of sand hits Terence.
Terence is severely wounded.
Terence hits you with a +0 falchion.
Casting: Sandblast (safe; 2% risk of failure)
Confirm with . or Enter, or press ? or * to list all spells.
Aiming: Sandblast (safe; 2% risk of failure)
Press: ? - help, Shift-Dir - straight line, f/p - Terence
Aim: Terence, wielding a +0 falchion and wearing a +0 chain mail (severely wounded, 87% to hit)
The blast of sand hits Terence.
Terence is almost dead.
Terence barely misses you. Terence hits you with a +0 falchion!
Casting: Sandblast (safe; 2% risk of failure)
Confirm with . or Enter, or press ? or * to list all spells.
Aiming: Sandblast (safe; 2% risk of failure)
Press: ? - help, Shift-Dir - straight line, f/p - Terence
Aim: Terence, wielding a +0 falchion and wearing a +0 chain mail (almost dead, 87% to hit)
The blast of sand hits Terence but does no damage.
Terence is almost dead.
Terence hits you with a +0 falchion.
* * * LOW HITPOINT WARNING * * *
Casting: Sandblast (safe; 2% risk of failure)
Confirm with . or Enter, or press ? or * to list all spells.
Aiming: Sandblast (safe; 2% risk of failure)
Press: ? - help, Shift-Dir - straight line, f/p - Terence
Aim: Terence, wielding a +0 falchion and wearing a +0 chain mail (almost dead, 87% to hit)
The blast of sand hits Terence but does no damage.
Terence is almost dead.
Terence hits you with a +0 falchion.
You die...

# * ####.,* ####
####.)...., #...#####....
#.# ##.........######.# ,
........†.g@@..##.#
.........#####..#.#######
* .?...)##.# ##.†........
..... *#.# ###....#### *
...., #.## ##..#### ..#
#..## ##.[.# * . *##..#
#..#.# , , ##.# #.##.# ,
#.###.##.#


You could see Terence and a hobgoblin.

Vanquished Creatures
  Natasha (D:2)
  A hound zombie (D:3)
  An adder (D:2)
  2 bats
  2 goblins (D:1)
  3 jackals
  5 kobolds
  2 quokkas
  A ball python (D:3)
  A ball python skeleton (D:3)
  2 frilled lizards (D:2)
  A giant cockroach zombie (D:3)
  A quokka skeleton (D:3)
  2 rats
25 creatures vanquished.

Notes
Turn   | Place    | Note
-------+----------+-------------------------------------------
     0 | D:1      | FexLirch the Meteoran Earth Elementalist began the quest
                  | for the Orb.
     0 | D:1      | Reached XP level 1. HP: 14/14 MP: 5/5
    38 | D:1      | Reached XP level 2. HP: 20/20 MP: 4/6
    42 | D:1      | Learned a level 2 spell: Passwall
   108 | D:1      | Reached skill level 1 in Conjurations
   170 | D:2      | Reached skill level 4 in Earth Magic
   172 | D:2      | Reached XP level 3. HP: 21/26 MP: 1/8
   301 | D:3      | Reached XP level 4. HP: 33/33 MP: 4/10
   310 | D:3      | Found a broken altar of Ashenzari.
   347 | D:2      | Noticed Natasha
   347 | D:2      | Noticed Terence
   355 | D:2      | Killed Natasha
   363 | D:2      | Slain by Terence

Illustrated notes

Levels and vault maps discovered:
D:1:      tekkud_arrival_beachfront_property, layout_basic
D:2:      layout_rooms, minmay_surrounded, uniq_terence, uniq_natasha,
          uniq_sigmund
D:3:      layout_loops_ring, ashenzari_altar_1, lemuel_tele_altar,
          serial_undead, serial_undead_f, serial_undead_d, serial_undead_c,
          serial_undead_e, basic_ecumenical_altar
D:4:      layout_loops_corners, mainiacjoe_overflow_divided_tiny

Skill      XL: |  1  2  3 |
---------------+----------+-----
Spellcasting   | 3 |  3.8
Conjurations   | 1 2 |  2.4
Earth Magic    | 4 |  4.5
Dodging        | |  2.4
Stealth        | |  1.4
Transmutations | |  1.2

Action                     |  1- 3 |  4- 6 || total
---------------------------+-------+-------++-------
  Melee: Whip              |     2 |       ||     2
   Cast: Sandblast         |    28 |    18 ||    46
         Passwall          |     1 |       ||     1
 Armour: Robe              |     6 |       ||     6
  Dodge: Dodged            |    13 |     3 ||    16

Table legend: (Time is in decaauts)
 A = Elapsed time spent in this place.
 B = Non-inter-level travel time spent in this place.
 C = Inter-level travel time spent in this place.
 D = Time resting spent in this place.
 E = Time spent auto-exploring this place.
 F = Levels seen in this place.
 G = Mean time per level.
                   A        B        C        D        E       F      G
               +--------+--------+--------+--------+--------+-----+--------+
         Total |    385 |    385 |      0 |      0 |      0 |   4 |   96.2 |
       Dungeon |    385 |    385 |      0 |      0 |      0 |   4 |   96.2 |
               +--------+--------+--------+--------+--------+-----+--------+

Top non-repeatable levels by time:
     D:1: 169 daAuts
     D:2: 79 daAuts
     D:4: 78 daAuts
     D:3: 57 daAuts
